 Dungeon Crawl Stone Soup version 0.31.0-11-ge490571c62 (webtiles) character file.

Game seed: 16686326731271246624

238 hawla the Magician (level 5, -7/28 HPs)
             Began as a Deep Elf Conjurer on Feb 4, 2024.
             Engulfed by a steam dragon's steam (11 damage)
             ... on level 4 of the Dungeon.
             The game lasted 00:08:12 (3089 turns).

hawla the Magician (Deep Elf Conjurer)              Turns: 3089, Time: 00:08:12

Health: -7/28      AC:  2    Str:  4    XL:     5   Next: 78%
Magic:  0/16       EV: 12    Int: 25    God:
Gold:   92         SH:  0    Dex: 13    Spells: 11/18 levels left

rFire   . . .        f - +2 dagger (venom)
rCold   . . .        (no shield)
rNeg    . . .        a - +0 robe
rPois   +            (helmet restricted)
rElec   .            (no cloak)
rCorr   .            (no gloves)
SInv    .            (no boots)
Will    .....        i - amulet of guardian spirit
Stlth   ++           e - ring of poison resistance
HPRegen 0.24/turn    (no ring)
MPRegen 0.15/turn

%: guardian spirit
@: no status effects
A: antennae 1, MP-powered wands
a: no special abilities


You were on level 4 of the Dungeon.
You visited 1 branch of the dungeon, and saw 4 of its levels.

You collected 176 gold pieces.
You spent 84 gold pieces at shops.

Inventory:

Hand Weapons
 f - a +2 dagger of venom (weapon)
Armour
 a - a +0 robe (worn)
Jewellery
 e - a ring of poison resistance (left hand)
 i - an amulet of guardian spirit (around neck)
Wands
 b - a wand of polymorph (1)
Scrolls
 g - a scroll of fog
 h - a scroll of revelation {unknown}
 k - a scroll of poison {unknown}
 l - a scroll of immolation {unknown}


   Skills:
 - Level 2.4 Dodging
 - Level 2.4 Stealth
 - Level 7.0 Spellcasting
 + Level 5.7 Conjurations


You had 11 spell levels left.
You knew the following spells:

 Your Spells              Type           Power      Damage    Failure   Level
a - Magic Dart            Conj           100%       1d8       1%          1
b - Searing Ray           Conj           74%        2d7       1%          2
c - Iskenderun's Mystic   Conj/Tloc      23%        2d6       21%         4

Your spell library contained the following spells:

 Spells                   Type           Power      Damage    Failure   Level
 Fulminant Prism          Conj/Alch      11%        3d8       21%         4
 Olgreb's Toxic Radiance  Alch           8%         N/A       54%         4
 Ozocubu's Refrigeration  Ice            4%         4d8       100%        7
 Discord                  Hex            4%         N/A       100%        8


Dungeon Overview and Level Annotations

Branches:
Dungeon (4/15)
 Temple: D:4-7

Altars:

Shops:
D:2 (   D:3 *


Innate Abilities, Weirdness & Mutations

You have a pair of small antennae on your head.
You expend magic power (3 MP) to strengthen your wands.


Message History

a +0 short sword; 3 stones The iguana hisses angrily.
Casting: Searing Ray (safe; 1% risk of failure)
Confirm with . or Enter, or press ? or * to list all spells.
Aiming: Searing Ray (safe; 1% risk of failure)
Press: ? - help, Shift-Dir - straight line, f - iguana
Aim: an iguana (83% to hit)
The searing ray hits the iguana.
The iguana is moderately wounded. (Press . to maintain the ray.)
The searing ray hits the iguana.
The iguana is severely wounded.
The searing ray hits the iguana.
The iguana is severely wounded.
The iguana bites you!
The searing ray hits the iguana.
The iguana is almost dead.
You finish channelling your searing ray.
The iguana barely misses you.
Unknown command.
Casting: Searing Ray (safe; 1% risk of failure)
Confirm with . or Enter, or press ? or * to list all spells.
Aiming: Searing Ray (safe; 1% risk of failure)
Press: ? - help, Shift-Dir - straight line, f/p - iguana
Aim: an iguana (almost dead, 83% to hit)
The searing ray hits the iguana.
You kill the iguana! (Press . to maintain the ray.)
The steam dragon breathes steam at you. The ball of steam hits you!
You are engulfed in a cloud of scalding steam.
* * * LOW HITPOINT WARNING * * *
Unknown command.
As you read the scroll labelled UCKI TAIJ ROAS, it crumbles to dust.
It is a scroll of enchant weapon.
Your +1 dagger of venom glows red for a moment.
You are engulfed in a cloud of scalding steam.
* * * LOW HITPOINT WARNING * * *
You are engulfed in a cloud of scalding steam.
You die...

#.# ##. #.#
.. #)# #.#
#.# . #.#
#####.. #.#
.......
#.####§......
#.)§§@D§D...
#######§....
###


You could see a steam dragon.

Vanquished Creatures
  An orc priest (D:3)
  Ijyb (D:3)
  An iguana (D:4)
  2 orc wizards
  2 adders
  2 dart slugs
  14 orcs
  3 bats
  2 endoplasms
  2 giant cockroaches
  8 goblins
  3 hobgoblins
  4 jackals (D:4)
  6 kobolds
  4 quokkas
  5 ball pythons
  3 frilled lizards
  4 rats
67 creatures vanquished.

Notes
Turn   | Place    | Note
-------+----------+-------------------------------------------
     0 | D:1      | hawla the Deep Elf Conjurer began the quest for the Orb.
     0 | D:1      | Reached XP level 1. HP: 10/10 MP: 6/6
   335 | D:1      | Reached skill level 4 in Spellcasting
   335 | D:1      | Reached XP level 2. HP: 15/15 MP: 6/9
   894 | D:1      | Learned a level 2 spell: Searing Ray
  1362 | D:2      | Reached XP level 3. HP: 19/19 MP: 7/11
  1403 | D:2      | Reached skill level 5 in Spellcasting
  1742 | D:2      | Found Kuis Himoba's Weapon Shoppe.
  2168 | D:3      | Gained mutation: You expend magic power (3 MP) to
                  | strengthen your wands. [potion of mutation]
  2168 | D:3      | Gained mutation: You have a pair of small antennae on your
                  | head. [potion of mutation]
  2322 | D:3      | Reached XP level 4. HP: 23/24 MP: 5/13
  2323 | D:3      | Noticed Ijyb
  2326 | D:3      | Reached skill level 6 in Spellcasting
  2347 | D:3      | Killed Ijyb
  2418 | D:3      | Found Imeireg's General Store.
  2433 | D:3      | Bought a potion of curing for 36 gold pieces
  2433 | D:3      | Bought a scroll of fog for 48 gold pieces
  2510 | D:3      | Reached skill level 7 in Spellcasting
  2515 | D:3      | Learned a level 4 spell: Iskenderun's Mystic Blast
  2576 | D:3      | Reached XP level 5. HP: 28/28 MP: 13/16
  2778 | D:4      | Noticed a steam dragon
  2921 | D:4      | Reached skill level 5 in Conjurations
  2966 | D:4      | HP: 1/42 [orc/+0 mace (4)]
  3089 | D:4      | Engulfed by a steam dragon's steam

Illustrated notes

Levels and vault maps discovered:
D:1:      dpeg_arrival_rooms_a, layout_basic
D:2:      layout_basic, serial_shops, shop
D:3:      layout_basic, serial_shops, shop, uniq_ijyb
D:4:      layout_rooms, chequers_temple_overflow_statue_of_worship

Skill      XL: |  1  2  3  4  5 |
---------------+----------------+-----
Spellcasting   | 4 5 7 |  7.0
Conjurations   | 5 |  5.7
Dodging        | |  2.4
Stealth        | |  2.4

Action                     |  1- 3 |  4- 6 || total
---------------------------+-------+-------++-------
  Melee: Dagger            |     1 |    33 ||    34
   Cast: Magic Dart        |    61 |     2 ||    63
         Searing Ray       |    10 |    10 ||    20
         Iskenderun's Myst |       |     1 ||     1
    Use: Scroll            |     5 |     1 ||     6
         Potion            |     1 |     4 ||     5
 Armour: Robe              |     6 |    42 ||    48
         Skin              |       |     1 ||     1
  Dodge: Dodged            |     4 |    45 ||    49
